Bruins vs Rangers

Created - February 20 2012 at 19:08

Goals
1 2 3 T
Bruins 1 2 2 5
Rangers 1 1 0 2
Shots
1 2 3 T
Bruins 3 7 10 20
Rangers 11 15 7 33

Period #1

1. Bruins , Zdeno Chara 15 (Derick Brassard, Evander Kane) at 1:29
2. Rangers , Stephane Robidas 8 (David Perron) at 3:16

Penalties :
Brad Marchand (BOS) for Slashing (Minor) at 9:28, Derick Brassard (BOS) for Interference (Minor) at 14:34, Brad Marchand (BOS) for Tripping (Minor) at 14:48, Stephane Robidas (NYR) for Hooking (Minor) at 18:02

Period #2

3. Rangers , Mikko Koivu 13 (Mike Cammalleri, Stephane Robidas) at 1:00
4. Bruins , Rich Peverley 10 (Dennis Seidenberg) at 6:06
5. Bruins , Dennis Seidenberg 16 (Milan Lucic, Tyler Seguin) at 7:19 (PP)

Penalties :
Luke Schenn (NYR) for Hooking (Minor) at 0:21, Gregory Campbell (BOS) for Holding (Minor) at 0:21, Cal Clutterbuck (NYR) for Interference (Minor) at 3:48, Marc Staal (NYR) for Interference (Minor) at 7:15, Evander Kane (BOS) for Hooking (Minor) at 11:17, Vinny Prospal (NYR) for Fighting (Major) at 17:58, Adam McQuaid (BOS) for Fighting (Major) at 17:58, Troy Brouwer (NYR) for Holding (Minor) at 18:16, Guillaume Latendresse (NYR) for Roughing (Double Minor) at 19:05, Milan Lucic (BOS) for Tripping (Minor) at 19:05

Period #3

6. Bruins , Brad Marchand 14 (Evander Kane) at 2:31
7. Bruins , Zdeno Chara 16 (David Krejci, Chris Kunitz) at 12:43 (PP)

Penalties :
Jonathan Ericsson (NYR) for Hooking (Minor) at 11:33, Vinny Prospal (NYR) for Goalie Interference (Minor) at 14:13

Goalie Stats

Cam Ward (BOS), 31 saves from 33 shots - (0.939), W, 38-13-1, 60:00 minutes
Andrew Raycroft (NYR), 8 saves from 9 shots - (0.889), 17:29 minutes
Niklas Backstrom (NYR), 7 saves from 11 shots - (0.636), L, 21-26-2, 42:31 minutes

Players Stats

Bruins
Player Name              G  A  P  +/- PIM S  H  SB FO    MP 
------------------------------------------------------------
Adam McQuaid             0  0  0  -1  5   0  0  0  0/0   15 
Ales Hemsky              0  0  0   0  0   2  1  0  0/1   17 
Brad Marchand            1  0  1   2  4   2  0  1  0/0   14 
Chris Kunitz             0  1  1   0  0   1  2  0  0/1   18 
David Krejci             0  1  1   0  0   1  2  0  10/26 19 
Dennis Seidenberg        1  1  2   0  0   1  0  2  0/0   22 
Derick Brassard          0  1  1   2  2   2  0  0  4/15  13 
Evander Kane             0  2  2   2  2   0  3  0  0/0   14 
Gregory Campbell         0  0  0   0  2   0  1  0  0/1   11 
Jordan Leopold           0  0  0   2  0   2  1  3  0/0   18 
Milan Lucic              0  1  1   0  2   0  2  0  0/2   11 
Nathan Horton            0  0  0   0  0   0  0  0  0/0   10 
Patrice Bergeron         0  0  0   0  0   0  0  0  8/12  10 
Rich Peverley            1  0  1   0  0   2  0  0  11/20 14 
Tobias Enstrom           0  0  0   0  0   1  1  0  0/0   18 
Tyler Seguin             0  1  1  -2  0   1  1  0  5/10  18 
Zach Bogosian            0  0  0   0  0   1  2  3  0/0   21 
Zdeno Chara              2  0  2   1  0   4  1  2  0/0   25 
Rangers
Player Name              G  A  P  +/- PIM S  H  SB FO    MP 
------------------------------------------------------------
Ben Lovejoy              0  0  0   0  0   0  0  0  0/0   0  
Cal Clutterbuck          0  0  0  -1  2   0  0  0  0/0   7  
David Perron             0  1  1   1  0   0  1  0  0/0   12 
Frans Nielsen            0  0  0  -1  0   5  1  0  15/27 21 
Guillaume Latendresse    0  0  0   0  4   1  1  0  0/1   11 
Ian White                0  0  0  -1  0   0  0  1  0/0   19 
Jonathan Ericsson        0  0  0  -1  2   0  2  1  0/0   17 
Keith Ballard            0  0  0  -1  0   2  4  2  0/0   17 
Luke Schenn              0  0  0  -1  2   1  3  0  0/0   20 
Marc Staal               0  0  0   1  2   0  1  1  0/0   23 
Mike Cammalleri          0  1  1   1  0   2  1  0  0/0   18 
Mikko Koivu              1  0  1   1  0   3  1  0  16/27 21 
Radim Vrbata             0  0  0  -1  0   4  0  0  0/0   17 
Scott Gomez              0  0  0  -1  0   2  0  0  15/26 20 
Scottie Upshall          0  0  0  -1  0   2  0  0  0/1   13 
Stephane Robidas         1  1  2   1  2   4  7  0  0/0   23 
Troy Brouwer             0  0  0  -1  2   1  2  0  2/3   13 
Vinny Prospal            0  0  0  -1  7   6  2  0  2/3   17 

3 Stars

1 - Zdeno Chara (BOS)
2 - Stephane Robidas (NYR)
3 - Dennis Seidenberg (BOS)

Power Play

Bruins - 2 on 7 Attempt(s) - 28.57%
Rangers - 0 on 4 Attempt(s) - 0.00%

Penalty Kill

Bruins - 4 on 4 Attempt(s) - 100.00% - Score 0 goal in Penalty Kill
Rangers - 5 on 7 Attempt(s) - 71.43% - Score 0 goal in Penalty Kill

Game Notes

Vinny Prospal beats up Adam McQuaid at 17:58 of 2nd period
Andrew Raycroft enters game at 2:31 of 3rd period

Finance

Level 1 -- Attendance: 3878 (59.66%) -- Ticket Income $484,750.00
Level 2 -- Attendance: 3008 (60.16%) -- Ticket Income $225,600.00
Level 3 -- Attendance: 1792 (51.20%) -- Ticket Income $89,600.00
Level 4 -- Attendance: 1936 (88.00%) -- Ticket Income $48,400.00
Luxury Box -- Attendance: 627 (62.70%) -- Ticket Income $156,750.00
Game was played at the Madison Square Garden
Total Attendance: 11241 (61.76%)
Total Ticket Income: $1,021,696.00
Other Income: $213,475.50
Total Income: $1,235,172.00


Play by Play

Period #1

0:01 of 1st period - Patrice Bergeron wins face-off versus Mikko Koivu in neutral zone.
1:06 of 1st period - Shot by Frans Nielsen.
1:06 of 1st period - Shot Blocked by Zach Bogosian.
1:08 of 1st period - Shot by Frans Nielsen.
1:08 of 1st period - Stopped by Cam Ward without a rebound.
1:09 of 1st period - Derick Brassard wins face-off versus Scott Gomez in Bruins zone.
1:15 of 1st period - Brad Marchand is hit by Keith Ballard and loses puck.
1:27 of 1st period - Shot by Derick Brassard.
1:27 of 1st period - Shot Misses the Net.
1:29 of 1st period - Shot by Zdeno Chara.
1:29 of 1st period - Goal by Zdeno Chara - Bruins : 1 - Rangers : 0.
1:30 of 1st period - Frans Nielsen wins face-off versus David Krejci in neutral zone.
1:33 of 1st period - Shot by Vinny Prospal.
1:33 of 1st period - Stopped by Cam Ward without a rebound.
1:34 of 1st period - Frans Nielsen wins face-off versus David Krejci in Bruins zone.
2:04 of 1st period - Shot by Frans Nielsen.
2:04 of 1st period - Stopped by Cam Ward without a rebound.
2:05 of 1st period - Scott Gomez wins face-off versus Rich Peverley in Bruins zone.
2:37 of 1st period - Shot by Scottie Upshall.
2:37 of 1st period - Shot Hit the Post.
3:02 of 1st period - Icing by Adam McQuaid.
3:03 of 1st period - Mikko Koivu wins face-off versus Rich Peverley in Bruins zone.
3:16 of 1st period - Shot by Stephane Robidas.
3:16 of 1st period - Goal by Stephane Robidas - Bruins : 1 - Rangers : 1.
3:17 of 1st period - David Krejci wins face-off versus Frans Nielsen in neutral zone.
3:56 of 1st period - Luke Schenn is hit by Chris Kunitz and loses puck.
4:44 of 1st period - David Perron is hit by Evander Kane and loses puck.
4:50 of 1st period - Icing by Stephane Robidas.
4:51 of 1st period - Mikko Koivu wins face-off versus Milan Lucic in Rangers zone.
4:59 of 1st period - Icing by Zdeno Chara.
5:00 of 1st period - Patrice Bergeron wins face-off versus Scott Gomez in Bruins zone.
5:48 of 1st period - Off-side.
5:49 of 1st period - Mikko Koivu wins face-off versus David Krejci in neutral zone.
6:51 of 1st period - Icing by Gregory Campbell.
6:52 of 1st period - Rich Peverley wins face-off versus Frans Nielsen in Bruins zone.
6:52 of 1st period - Rich Peverley is hit by Vinny Prospal.
7:10 of 1st period - Adam McQuaid is hit by Vinny Prospal and loses puck.
7:21 of 1st period - Shot by Ian White.
7:21 of 1st period - Shot Blocked by Dennis Seidenberg.
8:21 of 1st period - Shot by Scottie Upshall.
8:21 of 1st period - Stopped by Cam Ward without a rebound.
8:22 of 1st period - Mikko Koivu wins face-off versus David Krejci in Bruins zone.
8:54 of 1st period - Tobias Enstrom is hit by Stephane Robidas and loses puck.
9:28 of 1st period - Minor Penalty to Brad Marchand for Slashing.
9:29 of 1st period - Frans Nielsen wins face-off versus Patrice Bergeron in Bruins zone.
10:14 of 1st period - Icing by Stephane Robidas.
10:15 of 1st period - Mikko Koivu wins face-off versus Rich Peverley in Rangers zone.
11:21 of 1st period - Shot by Mike Cammalleri.
11:21 of 1st period - Shot Misses the Net.
11:50 of 1st period - Chris Kunitz is hit by Keith Ballard and loses puck.
12:09 of 1st period - Shot by Derick Brassard.
12:09 of 1st period - Stopped by Niklas Backstrom without a rebound.
12:10 of 1st period - Rich Peverley wins face-off versus Mikko Koivu in Rangers zone.
12:10 of 1st period - Rich Peverley is hit by Marc Staal.
12:43 of 1st period - Rich Peverley is hit by Stephane Robidas and loses puck.
13:10 of 1st period - Shot by Luke Schenn.
13:10 of 1st period - Shot Blocked by Zach Bogosian.
13:14 of 1st period - Shot by Frans Nielsen.
13:14 of 1st period - Stopped by Cam Ward without a rebound.
13:15 of 1st period - Patrice Bergeron wins face-off versus Troy Brouwer in Bruins zone.
13:44 of 1st period - Shot by Zdeno Chara.
13:44 of 1st period - Stopped by Niklas Backstrom without a rebound.
13:45 of 1st period - Frans Nielsen wins face-off versus Ales Hemsky in Rangers zone.
14:27 of 1st period - Shot by Chris Kunitz.
14:27 of 1st period - Shot Misses the Net.
14:34 of 1st period - Minor Penalty to Derick Brassard for Interference.
14:35 of 1st period - Rich Peverley wins face-off versus Mikko Koivu in Bruins zone.
14:35 of 1st period - Rich Peverley is hit by Mikko Koivu.
14:48 of 1st period - Minor Penalty to Brad Marchand for Tripping.
14:49 of 1st period - Tyler Seguin wins face-off versus Mikko Koivu in Bruins zone.
15:04 of 1st period - Shot by Mike Cammalleri.
15:04 of 1st period - Shot Blocked by Zdeno Chara.
15:06 of 1st period - Shot by Mikko Koivu.
15:06 of 1st period - Stopped by Cam Ward with a rebound.
15:08 of 1st period - Shot by Mikko Koivu.
15:08 of 1st period - Deflect By Mike Cammalleri.
15:08 of 1st period - Stopped by Cam Ward without a rebound.
15:09 of 1st period - Frans Nielsen wins face-off versus David Krejci in Bruins zone.
15:32 of 1st period - Shot by Radim Vrbata.
15:32 of 1st period - Stopped by Cam Ward without a rebound.
15:33 of 1st period - Mikko Koivu wins face-off versus David Krejci in Bruins zone.
15:50 of 1st period - Shot by Stephane Robidas.
15:50 of 1st period - Stopped by Cam Ward without a rebound.
15:51 of 1st period - David Krejci wins face-off versus Frans Nielsen in Bruins zone.
16:51 of 1st period - Shot by Derick Brassard.
16:51 of 1st period - Shot Blocked by Keith Ballard.
18:02 of 1st period - Minor Penalty to Stephane Robidas for Hooking.
18:03 of 1st period - Frans Nielsen wins face-off versus David Krejci in Rangers zone.
18:03 of 1st period - Frans Nielsen is hit by David Krejci.
19:48 of 1st period - Shot by Vinny Prospal.
19:48 of 1st period - Stopped by Cam Ward without a rebound.
19:49 of 1st period - Mikko Koivu wins face-off versus Tyler Seguin in Bruins zone.

Period #2

0:01 of 2nd period - David Krejci wins face-off versus Frans Nielsen in neutral zone.
0:01 of 2nd period - Tobias Enstrom is hit by Mike Cammalleri and loses puck.
0:07 of 2nd period - Adam McQuaid is hit by Luke Schenn and loses puck.
0:21 of 2nd period - Minor Penalty to Luke Schenn for Hooking.
0:21 of 2nd period - Minor Penalty to Gregory Campbell for Holding.
0:22 of 2nd period - Patrice Bergeron wins face-off versus Mikko Koivu in Rangers zone.
0:58 of 2nd period - Shot by Mike Cammalleri.
0:58 of 2nd period - Deflect By Mikko Koivu.
0:58 of 2nd period - Shot Misses the Net.
1:00 of 2nd period - Shot by Mikko Koivu.
1:00 of 2nd period - Goal by Mikko Koivu - Bruins : 1 - Rangers : 2.
1:01 of 2nd period - Scott Gomez wins face-off versus Rich Peverley in neutral zone.
1:17 of 2nd period - Shot by Rich Peverley.
1:17 of 2nd period - Shot Misses the Net.
1:21 of 2nd period - Shot by Evander Kane.
1:21 of 2nd period - Deflect By Rich Peverley.
1:21 of 2nd period - Stopped by Niklas Backstrom without a rebound.
1:22 of 2nd period - Rich Peverley wins face-off versus Scott Gomez in Rangers zone.
1:27 of 2nd period - Shot by Jordan Leopold.
1:27 of 2nd period - Stopped by Niklas Backstrom without a rebound.
1:28 of 2nd period - Mikko Koivu wins face-off versus Patrice Bergeron in Rangers zone.
1:28 of 2nd period - Mikko Koivu is hit by Tyler Seguin.
2:24 of 2nd period - Shot by Frans Nielsen.
2:24 of 2nd period - Shot Misses the Net.
2:28 of 2nd period - Shot by Vinny Prospal.
2:28 of 2nd period - Shot Misses the Net.
2:30 of 2nd period - Shot by Radim Vrbata.
2:30 of 2nd period - Shot Blocked by Jordan Leopold.
2:32 of 2nd period - Shot by Vinny Prospal.
2:32 of 2nd period - Stopped by Cam Ward with a rebound.
2:34 of 2nd period - Shot by Luke Schenn.
2:34 of 2nd period - Stopped by Cam Ward with a rebound.
2:36 of 2nd period - Shot by Frans Nielsen.
2:36 of 2nd period - Shot Misses the Net.
2:50 of 2nd period - Vinny Prospal is hit by Evander Kane and loses puck.
3:05 of 2nd period - Shot by Scott Gomez.
3:05 of 2nd period - Stopped by Cam Ward with a rebound.
3:09 of 2nd period - Shot by Scott Gomez.
3:09 of 2nd period - Shot Misses the Net.
3:33 of 2nd period - Shot by Jonathan Ericsson.
3:33 of 2nd period - Shot Misses the Net.
3:37 of 2nd period - Shot by Scottie Upshall.
3:37 of 2nd period - Deflect By Troy Brouwer.
3:37 of 2nd period - Shot Misses the Net.
3:39 of 2nd period - Shot by Scottie Upshall.
3:39 of 2nd period - Deflect By Troy Brouwer.
3:39 of 2nd period - Shot Misses the Net.
3:48 of 2nd period - Minor Penalty to Cal Clutterbuck for Interference.
3:49 of 2nd period - David Krejci wins face-off versus Frans Nielsen in Rangers zone.
4:32 of 2nd period - Tobias Enstrom is hit by Stephane Robidas and loses puck.
4:48 of 2nd period - Tyler Seguin is hit by Stephane Robidas and loses puck.
4:55 of 2nd period - Shot by Zach Bogosian.
4:55 of 2nd period - Stopped by Niklas Backstrom without a rebound.
4:56 of 2nd period - Scott Gomez wins face-off versus Tyler Seguin in Rangers zone.
5:25 of 2nd period - Adam McQuaid is hit by Jonathan Ericsson and loses puck.
5:52 of 2nd period - Shot by Chris Kunitz.
5:52 of 2nd period - Shot Misses the Net.
6:06 of 2nd period - Shot by Rich Peverley.
6:06 of 2nd period - Goal by Rich Peverley - Bruins : 2 - Rangers : 2.
6:07 of 2nd period - Scott Gomez wins face-off versus Derick Brassard in neutral zone.
6:24 of 2nd period - Shot by Scott Gomez.
6:24 of 2nd period - Stopped by Cam Ward without a rebound.
6:25 of 2nd period - Mikko Koivu wins face-off versus David Krejci in Bruins zone.
7:11 of 2nd period - Icing by Marc Staal.
7:12 of 2nd period - Rich Peverley wins face-off versus Guillaume Latendresse in Rangers zone.
7:12 of 2nd period - Rich Peverley is hit by Stephane Robidas.
7:15 of 2nd period - Minor Penalty to Marc Staal for Interference.
7:16 of 2nd period - Tyler Seguin wins face-off versus Scott Gomez in Rangers zone.
7:19 of 2nd period - Shot by Dennis Seidenberg.
7:19 of 2nd period - Goal by Dennis Seidenberg - Bruins : 3 - Rangers : 2.
7:20 of 2nd period - Derick Brassard wins face-off versus Frans Nielsen in neutral zone.
7:23 of 2nd period - Shot by Jordan Leopold.
7:23 of 2nd period - Shot Misses the Net.
7:39 of 2nd period - Shot by Vinny Prospal.
7:39 of 2nd period - Stopped by Cam Ward without a rebound.
7:40 of 2nd period - Scott Gomez wins face-off versus Tyler Seguin in Bruins zone.
7:41 of 2nd period - Shot by Troy Brouwer.
7:41 of 2nd period - Shot Misses the Net.
7:43 of 2nd period - Shot by Jonathan Ericsson.
7:43 of 2nd period - Deflect By Scottie Upshall.
7:43 of 2nd period - Stopped by Cam Ward without a rebound.
7:44 of 2nd period - Rich Peverley wins face-off versus Scott Gomez in Bruins zone.
7:50 of 2nd period - Off-side.
7:51 of 2nd period - Patrice Bergeron wins face-off versus Vinny Prospal in neutral zone.
8:01 of 2nd period - Off-side.
8:02 of 2nd period - Rich Peverley wins face-off versus Scott Gomez in neutral zone.
8:02 of 2nd period - Adam McQuaid is hit by Troy Brouwer and loses puck.
8:27 of 2nd period - Jonathan Ericsson is hit by Gregory Campbell and loses puck.
9:38 of 2nd period - Shot by Mike Cammalleri.
9:38 of 2nd period - Shot Misses the Net.
9:40 of 2nd period - Shot by Stephane Robidas.
9:40 of 2nd period - Stopped by Cam Ward without a rebound.
9:41 of 2nd period - Vinny Prospal wins face-off versus David Krejci in Bruins zone.
9:51 of 2nd period - Off-side.
9:52 of 2nd period - David Krejci wins face-off versus Frans Nielsen in neutral zone.
10:17 of 2nd period - Luke Schenn is hit by Zach Bogosian and loses puck.
10:23 of 2nd period - Frans Nielsen is hit by Tobias Enstrom and loses puck.
10:37 of 2nd period - Off-side.
10:38 of 2nd period - Mikko Koivu wins face-off versus Rich Peverley in neutral zone.
11:00 of 2nd period - Shot by Mike Cammalleri.
11:00 of 2nd period - Shot Misses the Net.
11:02 of 2nd period - Shot by Mikko Koivu.
11:02 of 2nd period - Stopped by Cam Ward without a rebound.
11:03 of 2nd period - Scott Gomez wins face-off versus Derick Brassard in Bruins zone.
11:04 of 2nd period - Shot by Keith Ballard.
11:04 of 2nd period - Stopped by Cam Ward without a rebound.
11:05 of 2nd period - Troy Brouwer wins face-off versus Derick Brassard in Bruins zone.
11:17 of 2nd period - Minor Penalty to Evander Kane for Hooking.
11:18 of 2nd period - Patrice Bergeron wins face-off versus Mikko Koivu in Bruins zone.
11:18 of 2nd period - Patrice Bergeron is hit by David Perron.
12:03 of 2nd period - Off-side.
12:04 of 2nd period - Frans Nielsen wins face-off versus Milan Lucic in neutral zone.
12:14 of 2nd period - Shot by Radim Vrbata.
12:14 of 2nd period - Deflect By Vinny Prospal.
12:14 of 2nd period - Stopped by Cam Ward without a rebound.
12:15 of 2nd period - Patrice Bergeron wins face-off versus Frans Nielsen in Bruins zone.
12:50 of 2nd period - Shot by Frans Nielsen.
12:50 of 2nd period - Stopped by Cam Ward without a rebound.
12:51 of 2nd period - Mikko Koivu wins face-off versus Rich Peverley in Bruins zone.
12:56 of 2nd period - Shot by Mikko Koivu.
12:56 of 2nd period - Shot Misses the Net.
13:27 of 2nd period - Shot by Ales Hemsky.
13:27 of 2nd period - Shot Misses the Net.
13:29 of 2nd period - Shot by Chris Kunitz.
13:29 of 2nd period - Shot Misses the Net.
13:33 of 2nd period - Shot by Chris Kunitz.
13:33 of 2nd period - Stopped by Niklas Backstrom without a rebound.
13:34 of 2nd period - Mikko Koivu wins face-off versus Derick Brassard in Rangers zone.
13:50 of 2nd period - Cal Clutterbuck is hit by Jordan Leopold and loses puck.
14:32 of 2nd period - Shot by Scott Gomez.
14:32 of 2nd period - Shot Misses the Net.
14:34 of 2nd period - Shot by Troy Brouwer.
14:34 of 2nd period - Shot Misses the Net.
14:38 of 2nd period - Shot by Scott Gomez.
14:38 of 2nd period - Shot Blocked by Jordan Leopold.
14:40 of 2nd period - Shot by Scott Gomez.
14:40 of 2nd period - Shot Misses the Net.
14:42 of 2nd period - Shot by Keith Ballard.
14:42 of 2nd period - Stopped by Cam Ward without a rebound.
14:43 of 2nd period - Frans Nielsen wins face-off versus Rich Peverley in Bruins zone.
14:48 of 2nd period - Shot by Radim Vrbata.
14:48 of 2nd period - Stopped by Cam Ward without a rebound.
14:49 of 2nd period - Frans Nielsen wins face-off versus David Krejci in Bruins zone.
14:50 of 2nd period - Shot by Vinny Prospal.
14:50 of 2nd period - Shot Blocked by Zach Bogosian.
15:24 of 2nd period - Shot by Frans Nielsen.
15:24 of 2nd period - Shot Misses the Net.
15:26 of 2nd period - Shot by Vinny Prospal.
15:26 of 2nd period - Shot Misses the Net.
15:30 of 2nd period - Shot by Vinny Prospal.
15:30 of 2nd period - Stopped by Cam Ward without a rebound.
15:31 of 2nd period - Scott Gomez wins face-off versus Gregory Campbell in Bruins zone.
17:09 of 2nd period - Stephane Robidas is hit by Chris Kunitz and loses puck.
17:14 of 2nd period - Marc Staal is hit by David Krejci and loses puck.
17:29 of 2nd period - Shot by David Krejci.
17:29 of 2nd period - Shot Misses the Net.
17:31 of 2nd period - Shot by Ales Hemsky.
17:31 of 2nd period - Shot Misses the Net.
17:35 of 2nd period - Shot by Tobias Enstrom.
17:35 of 2nd period - Stopped by Niklas Backstrom without a rebound.
17:36 of 2nd period - Vinny Prospal wins face-off versus Rich Peverley in Rangers zone.
17:43 of 2nd period - Shot by Luke Schenn.
17:43 of 2nd period - Shot Blocked by Dennis Seidenberg.
17:45 of 2nd period - Shot by Vinny Prospal.
17:45 of 2nd period - Shot Misses the Net.
17:47 of 2nd period - Shot by Frans Nielsen.
17:47 of 2nd period - Shot Misses the Net.
17:58 of 2nd period - Vinny Prospal beats up Adam McQuaid.
17:58 of 2nd period - Penalty to Vinny Prospal for Fighting.
17:58 of 2nd period - Penalty to Adam McQuaid for Fighting.
17:59 of 2nd period - Derick Brassard wins face-off versus Scottie Upshall in Bruins zone.
18:15 of 2nd period - Shot by Troy Brouwer.
18:15 of 2nd period - Shot Blocked by Jordan Leopold.
18:16 of 2nd period - Minor Penalty to Troy Brouwer for Holding.
18:17 of 2nd period - David Krejci wins face-off versus Scott Gomez in Rangers zone.
19:05 of 2nd period - Double Minor Penalty to Guillaume Latendresse for Roughing.
19:05 of 2nd period - Minor Penalty to Milan Lucic for Tripping.
19:06 of 2nd period - Rich Peverley wins face-off versus Frans Nielsen in neutral zone.

Period #3

0:01 of 3rd period - Frans Nielsen wins face-off versus Patrice Bergeron in neutral zone.
1:09 of 3rd period - Icing by Scott Gomez.
1:10 of 3rd period - Scott Gomez wins face-off versus Chris Kunitz in Rangers zone.
1:21 of 3rd period - Shot by Troy Brouwer.
1:21 of 3rd period - Stopped by Cam Ward without a rebound.
1:22 of 3rd period - Tyler Seguin wins face-off versus Frans Nielsen in Bruins zone.
2:05 of 3rd period - Icing by Rich Peverley.
2:06 of 3rd period - Tyler Seguin wins face-off versus Mikko Koivu in Bruins zone.
2:31 of 3rd period - Shot by Brad Marchand.
2:31 of 3rd period - Goal by Brad Marchand - Bruins : 4 - Rangers : 2.
2:31 of 3rd period - Andrew Raycroft enters game.
2:32 of 3rd period - Scott Gomez wins face-off versus David Krejci in neutral zone.
2:34 of 3rd period - Off-side.
2:35 of 3rd period - David Krejci wins face-off versus Scott Gomez in neutral zone.
2:38 of 3rd period - Shot by David Krejci.
2:38 of 3rd period - Stopped by Andrew Raycroft without a rebound.
2:39 of 3rd period - Scott Gomez wins face-off versus Derick Brassard in Rangers zone.
3:18 of 3rd period - Shot by Marc Staal.
3:18 of 3rd period - Shot Misses the Net.
3:22 of 3rd period - Shot by Guillaume Latendresse.
3:22 of 3rd period - Stopped by Cam Ward without a rebound.
3:23 of 3rd period - Frans Nielsen wins face-off versus Derick Brassard in Bruins zone.
3:28 of 3rd period - Shot by Vinny Prospal.
3:28 of 3rd period - Shot Blocked by Zdeno Chara.
3:49 of 3rd period - Shot by Evander Kane.
3:49 of 3rd period - Shot Misses the Net.
3:51 of 3rd period - Shot by Derick Brassard.
3:51 of 3rd period - Stopped by Andrew Raycroft without a rebound.
3:52 of 3rd period - Rich Peverley wins face-off versus Mikko Koivu in Rangers zone.
3:52 of 3rd period - Rich Peverley is hit by Stephane Robidas.
4:13 of 3rd period - Rich Peverley is hit by Stephane Robidas and loses puck.
4:43 of 3rd period - Off-side.
4:44 of 3rd period - Scott Gomez wins face-off versus David Krejci in neutral zone.
4:58 of 3rd period - Icing by Keith Ballard.
4:59 of 3rd period - Scott Gomez wins face-off versus Derick Brassard in Rangers zone.
5:10 of 3rd period - Jordan Leopold is hit by Troy Brouwer and loses puck.
5:26 of 3rd period - Icing by Keith Ballard.
5:27 of 3rd period - David Krejci wins face-off versus Scott Gomez in Rangers zone.
5:28 of 3rd period - Shot by Ales Hemsky.
5:28 of 3rd period - Shot Blocked by Jonathan Ericsson.
5:42 of 3rd period - Shot by Frans Nielsen.
5:42 of 3rd period - Stopped by Cam Ward without a rebound.
5:43 of 3rd period - Mikko Koivu wins face-off versus Patrice Bergeron in Bruins zone.
6:22 of 3rd period - Icing by Marc Staal.
6:23 of 3rd period - Mikko Koivu wins face-off versus David Krejci in Rangers zone.
7:22 of 3rd period - Shot by Evander Kane.
7:22 of 3rd period - Shot Misses the Net.
7:34 of 3rd period - Shot by Evander Kane.
7:34 of 3rd period - Shot Misses the Net.
7:38 of 3rd period - Shot by Zdeno Chara.
7:38 of 3rd period - Deflect By Derick Brassard.
7:38 of 3rd period - Shot Misses the Net.
7:40 of 3rd period - Shot by Zdeno Chara.
7:40 of 3rd period - Stopped by Andrew Raycroft without a rebound.
7:41 of 3rd period - Frans Nielsen wins face-off versus Rich Peverley in Rangers zone.
8:13 of 3rd period - Off-side.
8:14 of 3rd period - Troy Brouwer wins face-off versus David Krejci in neutral zone.
8:17 of 3rd period - Shot by Troy Brouwer.
8:17 of 3rd period - Shot Misses the Net.
8:28 of 3rd period - Ales Hemsky is hit by Keith Ballard and loses puck.
8:45 of 3rd period - David Krejci is hit by Jonathan Ericsson and loses puck.
8:58 of 3rd period - Shot by Derick Brassard.
8:58 of 3rd period - Shot Misses the Net.
9:02 of 3rd period - Shot by Brad Marchand.
9:02 of 3rd period - Stopped by Andrew Raycroft without a rebound.
9:03 of 3rd period - Rich Peverley wins face-off versus Frans Nielsen in Rangers zone.
9:03 of 3rd period - Dennis Seidenberg is hit by Luke Schenn and loses puck.
9:32 of 3rd period - Shot by Tyler Seguin.
9:32 of 3rd period - Stopped by Andrew Raycroft without a rebound.
9:33 of 3rd period - Mikko Koivu wins face-off versus Derick Brassard in Rangers zone.
10:36 of 3rd period - Zdeno Chara is hit by Luke Schenn and loses puck.
11:10 of 3rd period - Zach Bogosian is hit by Frans Nielsen and loses puck.
11:16 of 3rd period - Icing by Tobias Enstrom.
11:17 of 3rd period - David Krejci wins face-off versus Scott Gomez in Bruins zone.
11:31 of 3rd period - David Krejci is hit by Keith Ballard and loses puck.
11:33 of 3rd period - Minor Penalty to Jonathan Ericsson for Hooking.
11:34 of 3rd period - Scott Gomez wins face-off versus Tyler Seguin in Rangers zone.
11:34 of 3rd period - Guillaume Latendresse is hit by Milan Lucic and loses puck.
11:53 of 3rd period - Shot by Jordan Leopold.
11:53 of 3rd period - Stopped by Andrew Raycroft without a rebound.
11:54 of 3rd period - Frans Nielsen wins face-off versus Tyler Seguin in Rangers zone.
11:54 of 3rd period - Frans Nielsen is hit by Milan Lucic.
12:41 of 3rd period - Shot by David Krejci.
12:41 of 3rd period - Shot Misses the Net.
12:43 of 3rd period - Shot by Zdeno Chara.
12:43 of 3rd period - Goal by Zdeno Chara - Bruins : 5 - Rangers : 2.
12:44 of 3rd period - Mikko Koivu wins face-off versus Derick Brassard in neutral zone.
12:44 of 3rd period - Mikko Koivu is hit by Evander Kane.
12:55 of 3rd period - Icing by Zdeno Chara.
12:56 of 3rd period - Frans Nielsen wins face-off versus Derick Brassard in Bruins zone.
12:56 of 3rd period - Ian White is hit by Zdeno Chara and loses puck.
13:12 of 3rd period - Icing by Zdeno Chara.
13:13 of 3rd period - Scott Gomez wins face-off versus Derick Brassard in Bruins zone.
13:27 of 3rd period - Icing by Jordan Leopold.
13:28 of 3rd period - Derick Brassard wins face-off versus Mikko Koivu in Bruins zone.
14:13 of 3rd period - Minor Penalty to Vinny Prospal for Goalie Interference.
14:14 of 3rd period - Tyler Seguin wins face-off versus Scott Gomez in Rangers zone.
14:26 of 3rd period - Shot by Dennis Seidenberg.
14:26 of 3rd period - Shot Blocked by Keith Ballard.
14:42 of 3rd period - Shot by Adam McQuaid.
14:42 of 3rd period - Shot Misses the Net.
15:14 of 3rd period - Luke Schenn is hit by Ales Hemsky and loses puck.
15:29 of 3rd period - Shot by Tobias Enstrom.
15:29 of 3rd period - Deflect By Ales Hemsky.
15:29 of 3rd period - Shot Misses the Net.
15:51 of 3rd period - Dennis Seidenberg is hit by Guillaume Latendresse and loses puck.
16:27 of 3rd period - Shot by Frans Nielsen.
16:27 of 3rd period - Shot Blocked by Brad Marchand.
16:29 of 3rd period - Shot by Radim Vrbata.
16:29 of 3rd period - Stopped by Cam Ward without a rebound.
16:30 of 3rd period - David Krejci wins face-off versus Mikko Koivu in Bruins zone.
16:43 of 3rd period - Shot by Chris Kunitz.
16:43 of 3rd period - Shot Blocked by Marc Staal.
16:47 of 3rd period - Shot by Ales Hemsky.
16:47 of 3rd period - Stopped by Andrew Raycroft without a rebound.
16:48 of 3rd period - Rich Peverley wins face-off versus Frans Nielsen in Rangers zone.
18:12 of 3rd period - Shot by Mike Cammalleri.
18:12 of 3rd period - Stopped by Cam Ward without a rebound.
18:13 of 3rd period - Scott Gomez wins face-off versus David Krejci in Bruins zone.
18:13 of 3rd period - Scott Gomez is hit by Zach Bogosian.
18:35 of 3rd period - Shot by Ales Hemsky.
18:35 of 3rd period - Stopped by Andrew Raycroft without a rebound.
18:36 of 3rd period - Patrice Bergeron wins face-off versus Mikko Koivu in Rangers zone.
18:53 of 3rd period - Shot by Mikko Koivu.
18:53 of 3rd period - Shot Misses the Net.
18:57 of 3rd period - Shot by Stephane Robidas.
18:57 of 3rd period - Stopped by Cam Ward without a rebound.
18:58 of 3rd period - Frans Nielsen wins face-off versus David Krejci in Bruins zone.
19:17 of 3rd period - Shot by Vinny Prospal.
19:17 of 3rd period - Deflect By Radim Vrbata.
19:17 of 3rd period - Stopped by Cam Ward with a rebound.
19:55 of 3rd period - Shot by Zdeno Chara.
19:55 of 3rd period - Shot Blocked by Ian White.
19:57 of 3rd period - Shot by Zdeno Chara.
19:57 of 3rd period - Shot Misses the Net.


Output by the SimonT Hockey Simulator (STHS) for Stephane Roy -- Original Page W3C XHTML 1.0 Valid